AoeStats
← MGtheEvil

Arena

511059753Analyzed
2v2 RM · 7h ago on Oct 3, 2026· 54m 8s· 4 players
Game mode
Random Map
Map size
Medium (4 player)
Population
200
Speed
Normal
Resources
Standard
Victory
Conquest
Starting age
Dark Age
Ending age
Imperial Age
RankedLock teamsTeams togetherTeam positionsShared explorationLock speedFull tech treeHidden civsTurbo modeCheats
Victory
Defeat
🇩🇰 Malay · Denmark
781
+17
🇧🇷 Romans · Brazil
752
+19
🇧🇩 Lithuanians · Bangladesh
805
-18
🇧🇩 Maya · Bangladesh
804
-18
Gobbor
0:32 Loom
10:50 Feudal Age
10:28 Double-Bit Axe
10:40 Horse Collar
14:16 Gold Mining
16:14 Stone Mining
21:08 Castle Age
20:30 Wheelbarrow
21:18 Bow Saw
21:19 Heavy Plow
24:56 Hand Cart
25:59 Stone Shaft Mining
26:14 Gold Shaft Mining
28:27 Squires
28:12 Arson
28:44 Forging
28:53 Man-at-Arms
33:40 Imperial Age
31:47 Long Swordsman
31:48 Pikeman
32:34 Two-Handed Swordsman
32:34 Halberdier
34:35 Conscription
34:17 Forced Levy
35:43 Iron Casting
39:57 Blast Furnace
47:46 Guilds
48:08 Coinage
51:10 Crop Rotation
Galo-Cego
5:31 Loom
12:27 Feudal Age
12:55 Double-Bit Axe
12:53 Horse Collar
19:44 Castle Age
18:22 Scale Mail Armor
18:11 Man-at-Arms
19:46 Gold Mining
20:34 Bloodlines
21:16 Chain Mail Armor
21:34 Heavy Plow
21:23 Light Cavalry
23:04 Husbandry
23:07 Squires
24:43 Pikeman
26:10 Wheelbarrow
27:44 Town Watch
28:02 Fletching
28:12 Padded Archer Armor
29:00 Long Swordsman
32:31 Forging
36:26 Imperial Age
34:26 Hand Cart
34:11 Town Patrol
34:54 Ballistas
35:26 Bow Saw
35:19 Caravan
35:58 Ballistics
37:26 Fortified Wall
37:31 Masonry
37:32 Fortified Wall
37:20 Murder Holes
37:25 Bodkin Arrow
38:05 Iron Casting
37:37 Padded Archer Armor
38:36 Scale Barding Armor
37:56 Halberdier
41:36 Chemistry
41:08 Legionary
42:03 Legionary
44:51 Blast Furnace
45:00 Bodkin Arrow
45:06 Padded Archer Armor
45:44 Conscription
46:25 Chain Barding Armor
48:10 Plate Barding Armor
49:00 Comitatenses
52:28 Padded Archer Armor
MGtheEvil
10:10 Loom
12:34 Feudal Age
16:54 Castle Age
15:06 Horse Collar
15:36 Double-Bit Axe
19:03 Gold Mining
21:45 Forging
21:38 Husbandry
22:38 Fervor
24:13 Bloodlines
25:51 Wheelbarrow
25:02 Town Watch
25:40 Heavy Plow
27:19 Bow Saw
28:16 Stone Mining
28:51 Hand Cart
33:15 Iron Casting
32:46 Scale Barding Armor
32:32 Fletching
32:55 Caravan
36:08 Imperial Age
37:11 Conscription
36:56 Tower Shields
37:34 Hoardings
38:19 Chain Barding Armor
37:56 Bodkin Arrow
38:02 Padded Archer Armor
39:11 Two-Man Saw
37:39 Elite Leitis
37:56 Cavalier
39:51 Plate Barding Armor
41:15 Bracer
44:36 Paladin
Nayem
1:55 Loom
12:06 Feudal Age
13:17 Double-Bit Axe
17:05 Wheelbarrow
18:37 Castle Age
18:53 Horse Collar
20:50 Wheelbarrow
20:30 Eagle Warrior
24:37 Crossbowman
27:40 Heavy Plow
27:59 Bow Saw
31:24 Thumb Ring
31:57 Ballistics
34:29 Imperial Age
32:19 Hand Cart
32:54 Gold Mining
32:59 Stone Mining
32:51 Elite Skirmisher
34:53 Arbalester
37:21 Fletching
37:31 Padded Archer Armor
40:42 Chemistry
40:58 Conscription
41:12 Holcans
41:20 Bodkin Arrow
41:40 Leather Archer Armor
41:36 Forging
42:39 Two-Man Saw
42:11 Crop Rotation
43:04 Elite Eagle Warrior
49:56 Bracer
50:27 Ring Archer Armor
50:33 Iron Casting
50:00 Scale Mail Armor
Connection lost

Rejoining the realm…

Still unreachable

The connection could not be restored.

Session expired

The server has moved on; the page needs a fresh start.